 Dungeon Crawl Stone Soup version 0.24.0-1-gfbc8707122 (console) character file.

Game seed: 15071628798395793296, levelgen mode: deterministic

45 AlterAsc the Sneak (level 3, -1/24 HPs)
             Began as a Vampire Enchanter on Oct 28, 2019.
             Slain by an adder (4 damage)
             ... on level 2 of the Dungeon.
             The game lasted 00:05:59 (1187 turns).

AlterAsc the Sneak (Vampire Enchanter)              Turns: 1187, Time: 00:06:00

Health: -1/24      AC:  2    Str:  8    XL:     3   Next: 42%
Magic:  1/6        EV: 12    Int: 17    God:
Gold:   49         SH:  0    Dex: 14    Spells: 4/7 levels left

rFire    . . .     SeeInvis +   a - +1 dagger
rCold    . . .     Gourm    .   (no shield)
rNeg     . . .     Faith    .   b - +0 robe
rPois    .         Spirit   .   (no helmet)
rElec    .         Reflect  .   (no cloak)
rCorr    .         Harm     .   (no gloves)
MR       .....                  (no boots)
Stlth    +++.......             (no amulet)
HPRegen  0.28/turn              (no ring)
MPRegen  0.10/turn              (no ring)

@: lethally poisoned (-1 -> -6), very slightly contaminated, regenerating
quickly
A: no food, fangs 3, see invisible, unbreathing
a: Exsanguinate


You were on level 2 of the Dungeon.
You were alive.

You visited 1 branch of the dungeon, and saw 2 of its levels.

You collected 49 gold pieces.

Inventory:

Hand Weapons
 a - a +1 dagger (weapon)
 h - a +0 dagger
Armour
 b - a +0 robe (worn)
 e - a cursed +0 leather armour
Scrolls
 c - 2 scrolls of remove curse {unknown}
 d - a scroll of magic mapping {unknown}
 g - 3 scrolls of identify {unknown}
 i - a scroll of amnesia {unknown}
Potions
 f - a potion of heal wounds {unknown}


   Skills:
 - Level 1.1 Short Blades
 - Level 2.2 Dodging
 * Level 5.3 Stealth
 * Level 2.6 Spellcasting
 * Level 5.2 Hexes


You had 4 spell levels left.
You knew the following spells:

 Your Spells              Type           Power        Failure   Level  Hunger
a - Corona                Hex            ###....      2%          1    N/A
b - Ensorcelled Hibernat  Hex/Ice        ##....       10%         2    N/A

Your spell library contained the following spells:

 Spells                   Type           Power        Failure   Level  Hunger
 Confuse                  Hex            ###.....     6%          3    N/A
 Tukima's Dance           Hex            ###.....     6%          3    N/A
 Dazzling Spray           Conj/Hex       ##....       19%         3    N/A

Dungeon Overview and Level Annotations

Branches:
Dungeon (2/15)

Altars:


Innate Abilities, Weirdness & Mutations

You do not eat.
Your natural rate of healing is unusually fast.
You have razor-sharp teeth.
You have supernaturally acute eyesight. (SInv)
You can survive without breathing.


Message History

The adder is moderately wounded.
You feel sick. The adder bites you.
You are lethally poisoned!
The adder poisons you!
You are too injured to fight recklessly!
You feel sick. The adder bites you.
You feel sick.
* * * LOW HITPOINT WARNING * * *
You feel sick.
* * * LOW HITPOINT WARNING * * *
You feel sick.
* * * LOW HITPOINT WARNING * * *
You feel sick. The adder closely misses you.
* * * LOW HITPOINT WARNING * * *
You feel sick.
* * * LOW HITPOINT WARNING * * *
You feel sick.
* * * LOW HITPOINT WARNING * * *
You feel sick. The adder bites you.
You die...

#.#..# #.........# #.#..#
#.........# +###+#+#..#
#.........# ..........#
#.........#
..........###.........#
...........##.........###
.............#+#.........
........##...#.#.....<...
............@#.#.........
.........#..S#.#.........
+###.#+#.#.#.#.#.........
... #.#.#...#......... ..
#.#...............
#.#...............
#.#....>..........
#.#<#'#+#......... #<#.#
##########


You could see an adder.

Vanquished Creatures
  A worker ant zombie (D:2)
  A worm (D:2)
  A dart slug (D:2)
  3 bats
  3 hobgoblins (D:1)
  2 jackals (D:1)
  4 kobolds (D:1)
  4 frilled lizards
  6 goblins
  6 rats
31 creatures vanquished.

Notes
Turn   | Place    | Note
-------+----------+-------------------------------------------
     0 | D:1      | AlterAsc the Vampire Enchanter began the quest for the Orb.
     0 | D:1      | Reached XP level 1. HP: 13/13 MP: 3/3
   224 | D:1      | Reached XP level 2. HP: 19/19 MP: 5/5
   228 | D:1      | Learned a level 2 spell: Ensorcelled Hibernation
   597 | D:1      | Reached skill level 5 in Stealth
   808 | D:2      | Reached skill level 5 in Hexes
   820 | D:2      | Reached XP level 3. HP: 18/24 MP: 0/6
  1001 | D:2      | HP: 1/24 [worker ant zombie (2)]
  1187 | D:2      | Slain by an adder

Levels and vault maps discovered:
D:1:      lightli_iron_boxes, layout_basic,
          hangedman_abyss_or_decor_lesser_grid, minivault_19
D:2:      layout_basic, first_ration

Skill      XL: |  1  2 |
---------------+-------+-----
Stealth        | 5 |  5.3
Hexes          | 5 |  5.2
Short Blades   | |  1.1
Dodging        | |  2.2
Spellcasting   | |  2.6

Action                   || total
-------------------------++-------
Melee: Dagger            ||    92
       Bite              ||     4
 Cast: Ensorcelled Hiber ||    17
 Stab: Sleeping          ||    17
Armor: Robe              ||    13
Dodge: Dodged            ||    63
